AAA
SACRAMENTO RIVER CATS @ NEW ORLEANS BABY CAKES
07/26/2051
 
TOP OF THE 1ST
Tacoma Rainiers batting - Pitching for Winnipeg Goldeyes : RHP Erubiel Ortega
Pitching: RHP Erubiel Ortega
Batting: RHB César Baez 0-0: Fly out, F8 (Line Drive, 8LD, EV 110.0 MPH)
Batting: RHB Anthony Gelin 0-0: Ball
1-0: Ball
2-0: Ground out 1-3 (Groundball, 15, EV 67.5 MPH)
Batting: LHB Dickie Pierce 0-0: Ball
1-0: Called Strike
1-1: SINGLE (Groundball, 6, EV 82.5 MPH)
Batting: SHB Rod Probst 0-0: Called Strike
0-1: Ball
1-1: Foul Ball, location: 3F
1-2: Strikes out looking
Top of the 1st over - 0 runs, 1 hit, 0 errors, 1 left on base; Tacoma 0 - Winnipeg 0
BOTTOM OF THE 1ST
Winnipeg Goldeyes batting - Pitching for Tacoma Rainiers : RHP Jake Prendergast
Pitching: RHP Jake Prendergast
Batting: RHB Sol Kelly 0-0: Ground out 6-3 (Groundball, 6, EV 89.4 MPH)
Batting: LHB Nolan Craig 0-0: Ball
1-0: Hit by Pitch
Batting: RHB Brett Grant 0-0: Ball
Nolan Craig is caught stealing 2nd base 2-4
1-0: Fly out, F8 (Flyball, 8LD, EV 90.6 MPH)
Bottom of the 1st over - 0 runs, 0 hits, 0 errors, 0 left on base; Tacoma 0 - Winnipeg 0
TOP OF THE 2ND
Tacoma Rainiers batting - Pitching for Winnipeg Goldeyes : RHP Erubiel Ortega
Batting: RHB Norm Walker 0-0: Called Strike
0-1: Ball
1-1: Ball
2-1: Ball
3-1: Foul Ball, location: 9LMF
3-2: Foul Ball, location: 2RF
3-2: Foul Ball, location: 2F
3-2: Base on Balls
Batting: RHB Emory Eastman 0-0: SINGLE (Groundball, 4M, EV 86.3 MPH) (infield hit)
Norm Walker to second
Batting: RHB Wyndham Giles 0-0: Ball
1-0: SINGLE (Line Drive, 8RS, EV 93.8 MPH)
Norm Walker to third
Emory Eastman to second
Batting: RHB Ty Moss 0-0: SINGLE (Line Drive, 9S, EV 106.3 MPH)
Norm Walker scores
Emory Eastman to third
Wyndham Giles to second
Batting: RHB Austin Norem 0-0: Fielders Choice at 2nd, 6-4 (Groundball, 6, EV 90.6 MPH)
Emory Eastman scores
Wyndham Giles to third
Batting: RHB César Baez 0-0: Ball
1-0: Called Strike
1-1: Ball
2-1: Called Strike
2-2: Fly out, F8 (Flyball, 8RD, EV 90.0 MPH)
Runner from 3rd tags up, OUT at HOME! 8-2
Top of the 2nd over - 2 runs, 3 hits, 0 errors, 1 left on base; Tacoma 2 - Winnipeg 0
BOTTOM OF THE 2ND
Winnipeg Goldeyes batting - Pitching for Tacoma Rainiers : RHP Jake Prendergast
Batting: LHB Nick Hebel 0-0: Called Strike
0-1: Called Strike
0-2: Strikes out swinging
Batting: RHB German Martín 0-0: Ball
1-0: Ball
2-0: Ball
3-0: Called Strike
3-1: Called Strike
3-2: SINGLE (Line Drive, 9LS, EV 105.0 MPH)
Batting: RHB Gabe Soto 0-0: Called Strike
0-1: Ball
1-1: Ball
2-1: Ball
3-1: Called Strike
3-2: Foul Ball, location: 9LDF
3-2: Base on Balls
German Martín to second
Batting: RHB Johnny Febus 0-0: Ball
1-0: Ball
2-0: Called Strike
2-1: Swinging Strike
2-2: Ball
3-2: Foul Ball, location: 5FF
3-2: Grounds into double play, 4-6-3 (Groundball, 4, EV 98.8 MPH)
Bottom of the 2nd over - 0 runs, 1 hit, 0 errors, 1 left on base; Tacoma 2 - Winnipeg 0
TOP OF THE 3RD
Tacoma Rainiers batting - Pitching for Winnipeg Goldeyes : RHP Erubiel Ortega
Batting: RHB Anthony Gelin 0-0: Foul Ball, location: 9LDF
0-1: Swinging Strike
0-2: Ball
1-2: Ground out 5-3 (Groundball, 5L, EV 91.3 MPH)
Batting: LHB Dickie Pierce 0-0: Ground out 4-3 (Groundball, 4, EV 110.6 MPH)
Batting: SHB Rod Probst 0-0: Foul Ball, location: 2F
0-1: Foul Ball, location: 2F
0-2: SINGLE (Line Drive, 6D, EV 103.8 MPH)
Batting: RHB Norm Walker 0-0: Ball
1-0: Foul Ball, location: 9LMF
1-1: Called Strike
1-2: SINGLE (Line Drive, 89S, EV 103.1 MPH)
Rod Probst to second
Batting: RHB Emory Eastman 0-0: Ball
1-0: Called Strike
1-1: Swinging Strike
1-2: Ball
Wild Pitch!
Rod Probst to third
Norm Walker to second
2-2: Ground out 5-3 (Groundball, 56S, EV 84.4 MPH)
Top of the 3rd over - 0 runs, 2 hits, 0 errors, 2 left on base; Tacoma 2 - Winnipeg 0
BOTTOM OF THE 3RD
Winnipeg Goldeyes batting - Pitching for Tacoma Rainiers : RHP Jake Prendergast
Batting: LHB Yanier Monroy 0-0: Ball
1-0: Ball
2-0: Called Strike
2-1: Foul Ball, location: 2LF
2-2: Ball
3-2: SINGLE (Groundball, 4MD, EV 101.3 MPH)
Batting: RHB Kai Wasilewski 0-0: 2-RUN HOME RUN (Flyball, 8LXD, EV 110.6 MPH), Distance : 428 ft
Batting: RHB Sol Kelly 0-0: Called Strike
0-1: Called Strike
0-2: Foul Ball, location: 5F
0-2: Strikes out swinging
Batting: LHB Nolan Craig 0-0: Ball
1-0: Ground out U3 (Groundball, 13, EV 91.9 MPH)
Batting: RHB Brett Grant 0-0: Ball
1-0: Ball
2-0: Ball
3-0: Called Strike
3-1: Foul Ball, location: 9LMF
3-2: Strikes out swinging
Bottom of the 3rd over - 2 runs, 2 hits, 0 errors, 0 left on base; Tacoma 2 - Winnipeg 2
TOP OF THE 4TH
Tacoma Rainiers batting - Pitching for Winnipeg Goldeyes : RHP Erubiel Ortega
Batting: RHB Wyndham Giles 0-0: Ball
1-0: Swinging Strike
1-1: Swinging Strike
1-2: Strikes out swinging
Batting: RHB Ty Moss 0-0: Ball
1-0: Ball
2-0: Fly out, F8 (Flyball, 8RM, EV 91.9 MPH)
Batting: RHB Austin Norem 0-0: Ball
1-0: Ball
2-0: Foul Ball, location: 9LSF
2-1: Swinging Strike
2-2: Foul Ball, location: 2F
2-2: Ball
3-2: Fly out, F9 (Flyball, 89S, EV 90.6 MPH)
Top of the 4th over - 0 runs, 0 hits, 0 errors, 0 left on base; Tacoma 2 - Winnipeg 2
BOTTOM OF THE 4TH
Winnipeg Goldeyes batting - Pitching for Tacoma Rainiers : RHP Jake Prendergast
Batting: LHB Nick Hebel 0-0: Called Strike
0-1: Ball
1-1: Swinging Strike
1-2: Strikes out swinging
Batting: RHB German Martín 0-0: Ball
1-0: Ball
2-0: Ball
3-0: Called Strike
3-1: Foul Ball, location: 2F
3-2: SINGLE (Groundball, 4D, EV 95.6 MPH)
Batting: RHB Gabe Soto 0-0: Ball
1-0: Grounds into double play, 6-4-3 (Groundball, 6, EV 106.3 MPH)
Bottom of the 4th over - 0 runs, 1 hit, 0 errors, 0 left on base; Tacoma 2 - Winnipeg 2
TOP OF THE 5TH
Tacoma Rainiers batting - Pitching for Winnipeg Goldeyes : RHP Erubiel Ortega
Batting: RHB César Baez 0-0: Ball
1-0: Ball
2-0: Ball
3-0: DOUBLE (Line Drive, 78D, EV 106.3 MPH)
Batting: RHB Anthony Gelin 0-0: Ball
1-0: Ball
2-0: Called Strike
2-1: Ball
3-1: Base on Balls
Batting: LHB Dickie Pierce 0-0: Called Strike
0-1: Ball
1-1: Fly out, F8 (Flyball, 8RM, EV 98.1 MPH)
Batting: SHB Rod Probst 0-0: Ball
1-0: Called Strike
1-1: Called Strike
César Baez is caught stealing 3rd base 2-5
Anthony Gelin to second
1-2: Foul Ball, location: 2F
1-2: Strikes out swinging
Top of the 5th over - 0 runs, 1 hit, 0 errors, 1 left on base; Tacoma 2 - Winnipeg 2
BOTTOM OF THE 5TH
Winnipeg Goldeyes batting - Pitching for Tacoma Rainiers : RHP Jake Prendergast
Batting: RHB Johnny Febus 0-0: Foul Ball, location: 3FF
0-1: Fly out, F8 (Flyball, 78XD, EV 100.0 MPH)
Batting: LHB Yanier Monroy 0-0: Called Strike
0-1: Ground out 6-3 (Groundball, 6, EV 103.1 MPH)
Batting: RHB Kai Wasilewski 0-0: Ball
1-0: Fly out, F5 (Line Drive, 5, EV 68.1 MPH)
Bottom of the 5th over - 0 runs, 0 hits, 0 errors, 0 left on base; Tacoma 2 - Winnipeg 2
TOP OF THE 6TH
Tacoma Rainiers batting - Pitching for Winnipeg Goldeyes : RHP Erubiel Ortega
Batting: RHB Norm Walker 0-0: Ball
1-0: Ball
2-0: Ball
3-0: Called Strike
3-1: Foul Ball, location: 9LDF
3-2: Foul Ball, location: 2F
3-2: Ground out U3 (Groundball, 34, EV 106.3 MPH)
Pitching: RHP Jack Johnston
Batting: RHB Emory Eastman 0-0: Ball
1-0: Foul Ball, location: 2RF
1-1: Fly out, F8 (Flyball, 78XD, EV 102.5 MPH)
Batting: RHB Wyndham Giles 0-0: Ball
1-0: Ground out 6-3 (Groundball, 6M, EV 103.8 MPH)
Top of the 6th over - 0 runs, 0 hits, 0 errors, 0 left on base; Tacoma 2 - Winnipeg 2
BOTTOM OF THE 6TH
Winnipeg Goldeyes batting - Pitching for Tacoma Rainiers : RHP Jake Prendergast
Batting: RHB Sol Kelly 0-0: Called Strike
0-1: Ball
1-1: Foul Ball, location: 2F
1-2: DOUBLE (Flyball, 89XD, EV 100.0 MPH)
Batting: LHB Nolan Craig 0-0: Ball
1-0: Foul Ball, location: 2F
1-1: Swinging Strike
1-2: Ground out U3 (Groundball, 34, EV 106.3 MPH)
Sol Kelly to third
Batting: RHB Brett Grant 0-0: Foul Ball, location: 5F
0-1: Foul Ball, location: 2F
0-2: Strikes out swinging
Batting: LHB Nick Hebel 0-0: Called Strike
0-1: Ball
1-1: Foul Ball, location: 3F
1-2: Ground out U3 (Groundball, 34S, EV 91.9 MPH)
Bottom of the 6th over - 0 runs, 1 hit, 0 errors, 1 left on base; Tacoma 2 - Winnipeg 2
TOP OF THE 7TH
Tacoma Rainiers batting - Pitching for Winnipeg Goldeyes : RHP Jack Johnston
Pinch Hitting: LHB Gray Klingenberg 0-0: Foul Ball, location: 3FF
0-1: Foul Ball, location: 9LDF
0-2: Foul Ball, location: 7LDF
0-2: Fly out, F8 (Line Drive, 8RM, EV 90.0 MPH)
Pinch Hitting: LHB Christian Heenan 0-0: Called Strike
0-1: Ball
1-1: Ball
2-1: Foul Ball, location: 25F
2-2: SINGLE (Line Drive, 7LM, EV 106.3 MPH)
Pinch Hitting: LHB Ethan Wallace 0-0: Called Strike
0-1: Ball
1-1: Ball
2-1: Grounds into double play, 6-4-3 (Groundball, 6, EV 86.9 MPH)
Top of the 7th over - 0 runs, 1 hit, 0 errors, 0 left on base; Tacoma 2 - Winnipeg 2
BOTTOM OF THE 7TH
Winnipeg Goldeyes batting - Pitching for Tacoma Rainiers : RHP Jake Prendergast
Now at SS: Gabriel Stoddard
Now in LF: Ethan Wallace
Now in CF: Christian Heenan
Batting: RHB German Martín 0-0: Called Strike
0-1: Ball
1-1: Ball
2-1: Ball
3-1: Swinging Strike
3-2: SINGLE (Line Drive, 78S, EV 106.9 MPH)
Batting: RHB Gabe Soto 0-0: Fielders Choice at 2nd, 4-6 (Groundball, 34S, EV 91.3 MPH)
Batting: RHB Johnny Febus 0-0: Called Strike
0-1: Swinging Strike
0-2: Strikes out looking
Batting: LHB Yanier Monroy 0-0: Foul Ball, location: 5F
0-1: SINGLE (Groundball, 6M, EV 105.0 MPH)
Gabe Soto to second
Runner from 2nd tries for 3rd, SAFE, throw by CF made to third
Batting: RHB Kai Wasilewski 0-0: Swinging Strike
0-1: Foul Ball, location: 2F
0-2: Ball
1-2: Foul Ball, location: 9LSF
1-2: Strikes out looking
Bottom of the 7th over - 0 runs, 2 hits, 0 errors, 2 left on base; Tacoma 2 - Winnipeg 2
TOP OF THE 8TH
Tacoma Rainiers batting - Pitching for Winnipeg Goldeyes : RHP Jack Johnston
Batting: RHB Anthony Gelin 0-0: Ground out 1-3 (Groundball, 15S, EV 71.9 MPH)
Batting: LHB Dickie Pierce 0-0: Swinging Strike
0-1: Ball
1-1: Swinging Strike
1-2: Ball
2-2: Strikes out swinging
Batting: SHB Rod Probst 0-0: Called Strike
0-1: Ball
1-1: Ball
2-1: Fly out, F9 (Flyball, 9LMF, EV 91.9 MPH)
Top of the 8th over - 0 runs, 0 hits, 0 errors, 0 left on base; Tacoma 2 - Winnipeg 2
BOTTOM OF THE 8TH
Winnipeg Goldeyes batting - Pitching for Tacoma Rainiers : RHP Jake Prendergast
Batting: RHB Sol Kelly 0-0: Foul Ball, location: 2F
0-1: Foul Ball, location: 2F
0-2: Foul Ball, location: 7LMF
0-2: Foul Ball, location: 9LDF
0-2: Ball
1-2: Ball
2-2: Foul Ball, location: 2F
2-2: Strikes out swinging
Pitching: LHP Jake Falkner
Batting: LHB Nolan Craig 0-0: Ball
1-0: Ground out 4-3 (Groundball, 4D, EV 100.6 MPH)
Batting: RHB Brett Grant 0-0: Foul Ball, location: 2F
0-1: Ball
1-1: Ball
2-1: Foul Ball, location: 9LDF
2-2: Strikes out looking
Bottom of the 8th over - 0 runs, 0 hits, 0 errors, 0 left on base; Tacoma 2 - Winnipeg 2
TOP OF THE 9TH
Tacoma Rainiers batting - Pitching for Winnipeg Goldeyes : RHP Jack Johnston
Batting: RHB Norm Walker 0-0: Ball
1-0: Swinging Strike
1-1: Ground out 4-3 (Groundball, 4, EV 89.4 MPH)
Batting: RHB Emory Eastman 0-0: Ball
1-0: Ball
2-0: Fly out, F9 (Flyball, 9LM, EV 100.6 MPH)
Batting: RHB Wyndham Giles 0-0: Called Strike
0-1: Ball
1-1: Ground out 5-3 (Groundball, 56S, EV 78.8 MPH)
Top of the 9th over - 0 runs, 0 hits, 0 errors, 0 left on base; Tacoma 2 - Winnipeg 2
BOTTOM OF THE 9TH
Winnipeg Goldeyes batting - Pitching for Tacoma Rainiers : LHP Jake Falkner
Batting: RHB Jesse McCabe 0-0: Ball
1-0: Ball
2-0: Called Strike
2-1: Ground out 4-3 (Groundball, 4MD, EV 98.8 MPH)
Batting: RHB German Martín 0-0: Foul Ball, location: 2F
0-1: Ball
1-1: Swinging Strike
1-2: Ball
2-2: Foul Ball, location: 2F
2-2: Strikes out swinging
Batting: RHB Gabe Soto 0-0: Ground out 5-3 (Groundball, 5L, EV 101.3 MPH)
Bottom of the 9th over - 0 runs, 0 hits, 0 errors, 0 left on base; Tacoma 2 - Winnipeg 2
TOP OF THE 10TH
Tacoma Rainiers batting - Pitching for Winnipeg Goldeyes : RHP Jack Johnston
Pitching: RHP Carter Overton
Batting: RHB Gabriel Stoddard 0-0: Ball
1-0: Called Strike
1-1: Foul Ball, location: 2LF
1-2: Foul Ball, location: 9LDF
1-2: Foul Ball, location: 2RF
1-2: Ground out 6-3 (Groundball, 6S, EV 83.1 MPH)
Batting: LHB Christian Heenan 0-0: Ball
1-0: Foul Ball, location: 2LF
1-1: SINGLE (Line Drive, 4D, EV 103.8 MPH)
Batting: LHB Ethan Wallace 0-0: Ball
1-0: Ball
2-0: Ball
3-0: Called Strike
3-1: Foul Ball, location: 2F
3-2: SINGLE (Groundball, 6MD, EV 101.9 MPH)
Christian Heenan to second
Runner from 2nd tries for 3rd, SAFE, no throw by CF
Batting: RHB Anthony Gelin 0-0: Called Strike
0-1: Foul Ball, location: 25FF
0-2: Ball
1-2: Strikes out swinging
Batting: LHB Dickie Pierce 0-0: Ball
1-0: Fielders Choice at 2nd, U6 (Groundball, 6M, EV 104.4 MPH)
Top of the 10th over - 0 runs, 2 hits, 0 errors, 2 left on base; Tacoma 2 - Winnipeg 2
BOTTOM OF THE 10TH
Winnipeg Goldeyes batting - Pitching for Tacoma Rainiers : LHP Jake Falkner
Batting: RHB Johnny Febus 0-0: Called Strike
0-1: Foul Ball, location: 2F
0-2: Strikes out swinging
Pinch Hitting: SHB Paul Ambrosini 0-0: Swinging Strike
0-1: Fly out, F4 (Line Drive, 4M, EV 98.8 MPH)
Batting: RHB Kai Wasilewski 0-0: Called Strike
0-1: Foul Ball, location: 2F
0-2: Ball
1-2: Ball
2-2: Strikes out swinging
Bottom of the 10th over - 0 runs, 0 hits, 0 errors, 0 left on base; Tacoma 2 - Winnipeg 2
TOP OF THE 11TH
Tacoma Rainiers batting - Pitching for Winnipeg Goldeyes : RHP Carter Overton
Now at C: Dylan Mason
Batting: SHB Rod Probst 0-0: Called Strike
0-1: Ball
1-1: Foul Ball, location: 2F
1-2: Foul Ball, location: 2F
1-2: Ball
2-2: Strikes out swinging
Batting: RHB Norm Walker 0-0: Swinging Strike
0-1: Fly out, F6 (Popup, 6M, EV 56.3 MPH)
Batting: RHB Emory Eastman 0-0: Called Strike
0-1: Ball
1-1: Fly out, F9 (Line Drive, 9, EV 91.9 MPH)
Top of the 11th over - 0 runs, 0 hits, 0 errors, 0 left on base; Tacoma 2 - Winnipeg 2
BOTTOM OF THE 11TH
Winnipeg Goldeyes batting - Pitching for Tacoma Rainiers : LHP Jake Falkner
Batting: RHB Sol Kelly 0-0: Called Strike
0-1: Ball
1-1: Ball
2-1: Foul Ball, location: 2F
2-2: Strikes out swinging
Pitching: LHP Josef O'Hara
Batting: LHB Nolan Craig 0-0: Ball
1-0: Ground out 6-3 (Groundball, 6, EV 84.4 MPH)
Batting: RHB Brett Grant 0-0: Ball
1-0: Ball
2-0: Ball
3-0: Called Strike
3-1: Called Strike
3-2: Foul Ball, location: 2F
3-2: Base on Balls
Batting: RHB Jesse McCabe 0-0: Ball
1-0: Ball
2-0: Called Strike
2-1: Ball
3-1: Called Strike
3-2: Foul Ball, location: 9LDF
3-2: Foul Ball, location: 5FF
3-2: SINGLE (Groundball, 6MD, EV 103.1 MPH)
Brett Grant to second
Brett Grant to third
Batting: RHB German Martín 0-0: Ball
1-0: Ball
2-0: Foul Ball, location: 9LMF
2-1: Called Strike
2-2: Ball
3-2: Base on Balls
Jesse McCabe to second
Batting: RHB Gabe Soto 0-0: Called Strike
0-1: Fly out, F8 (Flyball, 78M, EV 99.4 MPH)
Bottom of the 11th over - 0 runs, 1 hit, 0 errors, 3 left on base; Tacoma 2 - Winnipeg 2
TOP OF THE 12TH
Tacoma Rainiers batting - Pitching for Winnipeg Goldeyes : RHP Carter Overton
Batting: RHB Wyndham Giles 0-0: Ball
1-0: Swinging Strike
1-1: Swinging Strike
1-2: Strikes out swinging
Batting: RHB Gabriel Stoddard 0-0: Ball
1-0: Called Strike
1-1: Ball
2-1: Fly out, F9 (Line Drive, 9LS, EV 96.3 MPH)
Batting: LHB Christian Heenan 0-0: Swinging Strike
0-1: Ball
1-1: Swinging Strike
1-2: Ball
2-2: SINGLE (Groundball, 6S, EV 90.0 MPH)
Batting: LHB Ethan Wallace 0-0: Called Strike
0-1: Ball
1-1: SINGLE (Groundball, 4M, EV 77.5 MPH) (infield hit)
Christian Heenan to second
Pitching: RHP Dimitri Alexis
Batting: RHB Anthony Gelin 0-0: Foul Ball, location: 7LSF
0-1: Ground out 4-3 (Groundball, 4, EV 84.4 MPH)
Top of the 12th over - 0 runs, 2 hits, 0 errors, 2 left on base; Tacoma 2 - Winnipeg 2
BOTTOM OF THE 12TH
Winnipeg Goldeyes batting - Pitching for Tacoma Rainiers : LHP Josef O'Hara
Batting: RHB Johnny Febus 0-0: Called Strike
0-1: Swinging Strike
0-2: Strikes out swinging
Batting: RHB Dylan Mason 0-0: Ball
1-0: Called Strike
1-1: Called Strike
1-2: Fly out, F9 (Line Drive, 9S, EV 92.5 MPH)
Batting: RHB Kai Wasilewski 0-0: Called Strike
0-1: Ball
1-1: Fly out, F9 (Flyball, 9D, EV 86.3 MPH)
Bottom of the 12th over - 0 runs, 0 hits, 0 errors, 0 left on base; Tacoma 2 - Winnipeg 2
TOP OF THE 13TH
Tacoma Rainiers batting - Pitching for Winnipeg Goldeyes : RHP Dimitri Alexis
Batting: LHB Dickie Pierce 0-0: Foul Ball, location: 2F
0-1: Ground out 4-3 (Groundball, 4, EV 83.8 MPH)
Batting: SHB Rod Probst 0-0: Called Strike
0-1: Ball
1-1: Ball
2-1: Fly out, F7 (Flyball, 7LD, EV 100.0 MPH)
Batting: RHB Norm Walker 0-0: Foul Ball, location: 25FF
0-1: Ball
1-1: Ball
2-1: Foul Ball, location: 9LMF
2-2: SINGLE (Line Drive, 7S, EV 94.4 MPH)
Batting: RHB Emory Eastman 0-0: Swinging Strike
0-1: Fielders Choice at 2nd, 6-4 (Groundball, 6, EV 80.0 MPH)
Top of the 13th over - 0 runs, 1 hit, 0 errors, 1 left on base; Tacoma 2 - Winnipeg 2
BOTTOM OF THE 13TH
Winnipeg Goldeyes batting - Pitching for Tacoma Rainiers : LHP Josef O'Hara
Batting: RHB Sol Kelly 0-0: Called Strike
0-1: Called Strike
0-2: Strikes out looking
Pitching: RHP Jake Hardman
Batting: LHB Nolan Craig 0-0: Called Strike
0-1: SINGLE (Groundball, 34D, EV 95.0 MPH)
Batting: RHB Brett Grant 0-0: Ball
1-0: SINGLE (Line Drive, 6MD, EV 105.0 MPH)
Nolan Craig to second
Batting: RHB Jesse McCabe 0-0: Ball
1-0: Swinging Strike
1-1: Swinging Strike
1-2: Ball
2-2: Strikes out swinging
Batting: RHB German Martín 0-0: Ball
1-0: Fly out, F8 (Flyball, 8LD, EV 73.8 MPH)
Bottom of the 13th over - 0 runs, 2 hits, 0 errors, 2 left on base; Tacoma 2 - Winnipeg 2
TOP OF THE 14TH
Tacoma Rainiers batting - Pitching for Winnipeg Goldeyes : RHP Dimitri Alexis
Batting: RHB Wyndham Giles 0-0: Ball
1-0: Called Strike
1-1: Ball
2-1: Swinging Strike
2-2: DOUBLE (Flyball, 78XD, EV 104.4 MPH)
Batting: RHB Gabriel Stoddard 0-0: Called Strike
0-1: Swinging Strike
0-2: Foul Ball, location: 9LSF
0-2: Ball
1-2: Fly out, F9 (Flyball, 89S, EV 90.0 MPH)
Batting: LHB Christian Heenan 0-0: Called Strike
0-1: Ground out 4-3 (Groundball, 34D, EV 96.9 MPH)
Wyndham Giles to third
Batting: LHB Ethan Wallace 0-0: Ball
1-0: Called Strike
1-1: Ball
2-1: Ball
3-1: Called Strike
3-2: Foul Ball, location: 5SF
3-2: SINGLE (Line Drive, 8LS, EV 92.5 MPH)
Wyndham Giles scores
Pitching: LHP Hunter Robinson
Batting: RHB Anthony Gelin 0-0: Foul Ball, location: 9LMF
0-1: Ball
1-1: Fly out, F6 (Line Drive, 6, EV 66.3 MPH)
Top of the 14th over - 1 run, 2 hits, 0 errors, 1 left on base; Tacoma 3 - Winnipeg 2
BOTTOM OF THE 14TH
Winnipeg Goldeyes batting - Pitching for Tacoma Rainiers : RHP Jake Hardman
Batting: RHB Gabe Soto 0-0: Ground out 1-3 (Groundball, P, EV 75.0 MPH)
Batting: RHB Johnny Febus 0-0: Foul Ball, location: 7LMF
0-1: Ground out 6-3 (Groundball, 56, EV 105.6 MPH)
Batting: RHB Dylan Mason 0-0: Ball
1-0: Called Strike
1-1: Called Strike
1-2: Ball
2-2: Ball
3-2: Base on Balls
Batting: RHB Kai Wasilewski 0-0: Ball
1-0: Foul Ball, location: 2F
1-1: Ball
2-1: Foul Ball, location: 2F
2-2: Fly out, F9 (Line Drive, 9, EV 96.9 MPH)
Bottom of the 14th over - 0 runs, 0 hits, 0 errors, 1 left on base; Tacoma 3 - Winnipeg 2
Saturday, March 23rd , 2024 - OOTP Baseball 24.11 Build 85